 Dungeon Crawl Stone Soup version 0.20.1-1-g8b1a95d (webtiles) character file.

4340 vatarom the Destroyer (level 10, -1/80 HPs)
             Began as a Purple Draconian Venom Mage on Sept 7, 2017.
             Killed from afar by Maurice (18 damage)
             ... with a wand of acid (?/15)
             ... on level 8 of the Dungeon.
             The game lasted 00:20:19 (7831 turns).

vatarom the Destroyer (Purple Draconian Venom Mage) Turns: 7831, Time: 00:20:19

Health: -1/80      AC:  4    Str: 14    XL:     10   Next: 12%
Magic:  0/20       EV: 12    Int: 19    God:
Gold:   0          SH:  0    Dex: 12    Spells: 7/22 levels left

rFire    + . .     SeeInvis .   v - +2 flail (protect)
rCold    x . .     Gourm    .   (no shield)
rNeg     . . .     Faith    .   (armour unavailable)
rPois    .         Spirit   +   (helmet restricted)
rElec    .         Reflect  .   r - +0 cloak
rCorr    .         Harm     .   (no gloves)
MR       +....                  (no boots)
Stlth    ++........             l - amulet of guardian spirit
Regen    0.3/turn               p - +4 ring of strength
MPRegen  0.2/turn               e - ring of fire

@: corroded
A: breathe power, unfitting armour, horns 1, stinger 1, talons 1, cold-blooded,
AC +7
a: Breathe Dispelling Energy


You were on level 8 of the Dungeon.
You were not hungry.

You visited 2 branches of the dungeon, and saw 9 of its levels.

Inventory:

Hand Weapons
 v - a +2 flail of protection (weapon)
 w - a +0 dire flail
Armour
 r - a +0 cloak (worn)
Jewellery
 e - a ring of fire (right hand)
 l - an amulet of guardian spirit (around neck)
 p - a +4 ring of strength (left hand)
Wands
 q - a wand of flame (3/48)
Scrolls
 d - 2 scrolls of blinking
 g - 3 scrolls of amnesia
 h - a scroll of enchant armour
 i - 6 scrolls of teleportation
 n - a scroll of enchant weapon
 s - 4 scrolls of identify
 t - 2 scrolls of remove curse
 u - 3 scrolls of fear {unknown}
Potions
 m - a potion of heal wounds {unknown}
Books
 a - a Young Poisoner's Handbook

   Spells                             Type                      Level
   a - Sting                          Conjuration/Poison           1
   b - Poisonous Vapours              Poison/Air                   2
   c - Mephitic Cloud                 Conjuration/Poison/Air       3
   d - Olgreb's Toxic Radiance        Poison                       4
   e - Venom Bolt                     Conjuration/Poison           5
Comestibles
 f - 6 meat rations
 j - 5 royal jellies
 o - 7 fruits
 z - 2 bread rations


   Skills:
 - Level 4.4 Fighting
 + Level 6.5 Maces & Flails
 - Level 1.7 Dodging
 - Level 1.7 Stealth
 - Level 2.4 Unarmed Combat
 - Level 6.8 Spellcasting
 * Level 10.7 Conjurations
 - Level 5.9 Air Magic
 - Level 3.9 Poison Magic


You had 7 spell levels left.
You knew the following spells:

 Your Spells              Type           Power        Failure   Level  Hunger
a - Sting                 Conj/Pois      ####         1%          1    None
b - Poisonous Vapours     Pois/Air       ####..       1%          2    None
c - Mephitic Cloud        Conj/Pois/Air  ####....     1%          3    ##.....
d - Olgreb's Toxic Radia  Pois           ###.....     21%         4    ####...
e - Venom Bolt            Conj/Pois      ####......   14%         5    #####..


Dungeon Overview and Level Annotations

Branches:
Dungeon (8/15)             Temple (1/1) D:6
   Lair: D:8-11

Altars:
Cheibriados
Dithmenos
Elyvilon
Fedhas
Gozag
Hepliaklqana
Makhleb
Nemelex Xobeh
Okawaru
Qazlal
Ru
Sif Muna
Trog
Uskayaw
Xom
Yredelemnul
Zin
The Shining One

Shops:
D:5 =   D:8 !

Annotations:
D:4 Grinder
D:8 Maurice


Innate Abilities, Weirdness & Mutations

You can breathe bolts of dispelling energy.
Your rich purple scales are hard. (AC +7)
You cannot fit into any form of body armour.
You are cold-blooded and may be slowed by cold attacks.
You have a pair of small horns on your head.
Your tail ends in a poisonous barb.
You have sharp toenails.


Message History

You hear a zap.
A bolt of acid appears from out of thin air!
The bolt of acid hits you!
You are splashed with acid!
The acid burns!
You closely miss something. Your kick misses something.
Something hits you but does no damage.
You closely miss something.
You hear a zap.
A bolt of acid appears from out of thin air!
The bolt of acid hits you!
* * * LOW HITPOINT WARNING * * *
The acid corrodes you!
You are splashed with acid!
The acid burns!
* * * LOW HITPOINT WARNING * * *
You feel better. Something hits you but does no damage.
You hear a zap.
A bolt of acid appears from out of thin air!
The bolt of acid misses you.
You hear a zap.
A bolt of acid appears from out of thin air!
The bolt of acid hits you!
You die...

#># #.# #.##.####.# #.#
#.# #.##.##...# ..# #.#
#.##.##.### ### #.#
#.##.##.## #.##.#.#.## #
#.##..###.####
#.########†##.## ##...#
#.......##.....###.##.#
#.......@.....#.###.#
....$.########..##.####.##
####. #..#### #...# # #>.#
##.## #..# #.#
#####..##### #.#
............# #.#
###########.# #.# #.# #.#


There were no monsters in sight!

Vanquished Creatures
  2 two-headed ogres
  The ghost of vatarom the Summoner, a novice DrSu (D:6)
  Joseph (D:7)
  A sky beast (D:7)
  2 orc warriors (D:7)
  A necrophage (D:7)
  An ogre (D:5)
  2 centaurs
  2 bullfrogs
  4 scorpions
  2 howler monkeys
  5 crimson imps
  A bullfrog zombie (D:7)
  4 bullfrog skeletons
  4 hounds
  A jelly (D:7)
  3 orc priests
  8 orc wizards
  2 centaur skeletons (D:4)
  An iguana (D:7)
  6 worker ants
  A hound zombie (D:7)
  2 hound skeletons (D:5)
  3 gnolls (D:6)
  A worker ant zombie (D:5)
  5 adders
  2 river rats (D:5)
  5 shadow imps
  An ooze (D:5)
  5 adder skeletons
  3 worms
  A dart slug (D:1)
  7 leopard geckos
  20 orcs
  2 giant cockroaches
  2 goblins (D:2)
  10 hobgoblins
  4 jackals
  3 quokkas
  5 ball pythons
  4 bats (D:1)
  5 frilled lizards
  A jackal skeleton (D:6)
  6 kobolds
  8 rats
160 creatures vanquished.

Notes
Turn   | Place    | Note
-------+----------+-------------------------------------------
     0 | D:1      | vatarom the Draconian Venom Mage began the quest for the Orb.
     0 | D:1      | Reached XP level 1. HP: 14/14 MP: 3/3
   131 | D:1      | Reached skill level 1 in Fighting
   177 | D:1      | Reached XP level 2. HP: 14/23 MP: 0/5
   303 | D:1      | Learned a level 2 spell: Poisonous Vapours
  1155 | D:2      | Reached XP level 3. HP: 15/28 MP: 0/6
  1396 | D:2      | Reached skill level 1 in Air Magic
  1657 | D:2      | Learned a level 3 spell: Mephitic Cloud
  1703 | D:2      | Found a faded altar of an unknown god.
  2205 | D:3      | Reached XP level 4. HP: 35/35 MP: 1/7
  2377 | D:3      | Reached skill level 5 in Spellcasting
  2377 | D:3      | Reached skill level 5 in Conjurations
  2377 | D:3      | Reached skill level 5 in Air Magic
  2377 | D:3      | Reached XP level 5. HP: 47/47 MP: 8/13
  2384 | D:3      | Learned a level 4 spell: Olgreb's Toxic Radiance
  2774 | D:3      | Reached skill level 6 in Conjurations
  3010 | D:4      | Found a shadowy altar of Dithmenos.
  3032 | D:4      | Reached XP level 6. HP: 37/53 MP: 3/14
  3118 | D:4      | Learned a level 5 spell: Venom Bolt
  3318 | D:4      | Noticed Grinder
  3357 | D:5      | Entered Level 5 of the Dungeon
  3553 | D:5      | Found Kaphoo Ewna's Jewellery Emporium.
  3616 | D:4      | Reached skill level 7 in Conjurations
  3616 | D:4      | Your scales start taking on a rich purple colour.
  3616 | D:4      | Reached XP level 7. HP: 48/60 MP: 9/17
  4029 | D:5      | Gained mutation: Your tail ends in a poisonous barb. [potion of mutation]
  4029 | D:5      | Gained mutation: You have a pair of small horns on your head. [potion of mutation]
  4029 | D:5      | Gained mutation: You have sharp toenails. [potion of mutation]
  4207 | D:5      | Found a stormy altar of Qazlal.
  4230 | D:5      | Reached skill level 1 in Unarmed Combat
  4750 | D:6      | Reached XP level 8. HP: 67/67 MP: 13/18
  4815 | D:6      | Noticed vatarom's ghost (novice DrSu)
  5057 | D:6      | Reached skill level 8 in Conjurations
  5531 | D:6      | Killed vatarom's ghost
  5700 | D:6      | Found a staircase to the Ecumenical Temple.
  5764 | Temple   | Entered the Ecumenical Temple
  6098 | D:7      | Reached skill level 9 in Conjurations
  6221 | D:7      | Noticed Joseph
  6241 | D:7      | Killed Joseph
  6241 | D:7      | Reached skill level 5 in Maces & Flails
  6241 | D:7      | Reached XP level 9. HP: 45/72 MP: 3/19
  6424 | D:7      | Noticed a two-headed ogre
  6449 | D:7      | Killed a two-headed ogre
  6688 | D:7      | Reached skill level 10 in Conjurations
  7588 | D:8      | Noticed a two-headed ogre
  7598 | D:8      | Killed a two-headed ogre
  7598 | D:8      | Reached XP level 10. HP: 64/80 MP: 2/20
  7688 | D:8      | Found Ukeun's Distillery.
  7813 | D:8      | Noticed Maurice
  7831 | D:8      | Killed from afar by Maurice

Skill      XL: |  1  2  3  4  5  6  7  8  9 |
---------------+----------------------------+-----
Fighting       | 1 4 |  4.4
Air Magic      | 1 5 |  5.9
Maces & Flails | 3 4 5 6 |  6.5
Spellcasting   | 5 6 |  6.8
Conjurations   | 5 6 7 9 10 | 10.7
Unarmed Combat | 2 |  2.4
Dodging        | |  1.7
Stealth        | |  1.7
Poison Magic   | |  3.9

Action                   |  1- 3 |  4- 6 |  7- 9 | 10-12 || total
-------------------------+-------+-------+-------+-------++-------
Melee: Mace              |    67 |    78 |    94 |       ||   239
       Tailslap          |     6 |    10 |    25 |     2 ||    43
       Kick              |       |       |    29 |     1 ||    30
       Headbutt          |       |       |    23 |     1 ||    24
       Flail             |       |       |   127 |    14 ||   141
 Cast: Sting             |    43 |    19 |    11 |       ||    73
       Poisonous Vapours |    10 |     8 |    13 |       ||    31
       Mephitic Cloud    |     1 |       |     9 |       ||    10
       Olgreb's Toxic Ra |       |     2 |    12 |       ||    14
       Venom Bolt        |       |       |     6 |       ||     6
 Abil: Breathe Dispellin |       |       |    11 |       ||    11
Evoke: Wand              |       |       |     3 |       ||     3
  Use: Scroll            |     9 |     2 |     2 |       ||    13
       Potion            |       |     1 |     5 |     1 ||     7
 Stab: Sleeping          |     2 |     3 |     3 |     1 ||     9
       Confused          |       |       |     3 |       ||     3
       Distracted        |       |       |     2 |       ||     2
  Eat: Meat ration       |     1 |       |     1 |       ||     2
       Chunk             |     1 |     5 |     3 |       ||     9
       Bread ration      |       |       |     3 |       ||     3
Armor: Skin              |    28 |    23 |   130 |     9 ||   190
Dodge: Dodged            |    42 |    62 |   206 |     8 ||   318
